cohdb
Replays
Latest Replays
All Replays
Popular Replays
Top Player Replays
Match Explorer
How It Works
Community
CoH3 Stats
Reddit
Sign in to upload your games and track your stats! →
Sign in with Steam
Match 42523139
Unlisted
Match 42523139
Overview
Messages
Build Orders
End
Construct Infanterie Kompanie
Kettenkrad Recon Vehicle
Selects Terror Battlegroup
Selects Machine Gun Camouflage
MG 42 Machine Gun Team
GrW 34 Mortar Team
MG 42 Machine Gun Team
Medical Station
Construct Panzergrenadier Kompanie
Selects Interrogate
Panzergrenadier Squad
Pak 40 Anti-tank Gun Team
251 Medium Carrier
Kettenkrad Recon Vehicle
Pioneer Squad
Support Elements
StuG III G Assault Gun
Panzergrenadier Squad
Selects Defend the Fatherland
Panzergrenadier Squad
Construct Panzer Kompanie
Sturmpanzer IV Brummbär
Defend the Fatherland
Selects King Tiger Heavy Tank
Defend the Fatherland
King Tiger Heavy Tank
Selects Jericho Trumpet
Jericho Trumpet
Side Skirts
Jericho Trumpet
Panzergrenadier Officer Quarters
Selects V1 Rocket Strike
V1 Rocket Strike
Nukepapa
(CB7) (DU)(7-4-7)(B0iz)
Airandfelt
Cyb/R
0
0
Comments
sign in to comment!
No comments posted yet!